 Dungeon Crawl Stone Soup version 0.19-a0-1889-g9c603be (webtiles) character file.

62 dorian the Unweaver (level 4, -1/39 HPs)
             Began as a Hill Orc Abyssal Knight on Oct 17, 2016.
             Was a Follower of Lugonu.
             Slain by an ooze (4 damage)
             ... on level 2 of the Dungeon.
             The game lasted 00:01:45 (984 turns).

dorian the Unweaver (Hill Orc Abyssal Knight)        Turns: 984, Time: 00:01:45

Health: -1/39      AC:  3    Str: 15    XL:     4   Next: 8%
Magic:  7/7        EV: 10    Int: 12    God:    Lugonu [*.....]
Gold:   83         SH:  0    Dex: 10    Spells: 0 memorised, 3 levels left

rFire  . . .     SeeInvis .     a - +1 falchion
rCold  . . .     Gourm    .     b - +0 leather armour
rNeg   . . .     Faith    .     (no shield)
rPois  .         Spirit   .     (no helmet)
rElec  .         Reflect  .     (no cloak)
rCorr  .         Harm     .     (no gloves)
MR     .....                    (no boots)
Stlth  +.........               (no amulet)
                                (no ring)
                                (no ring)

@: lethally poisoned (-1 -> -7), heavily drained
A: no striking features
a: Depart the Abyss, Renounce Religion


You were on level 2 of the Dungeon.
You worshipped Lugonu.
Lugonu was aware of your devotion.
You were hungry.

You visited 1 branch of the dungeon, and saw 2 of its levels.
You visited the Abyss 1 time.

You collected 83 gold pieces.

Inventory:

Hand Weapons
 a - a +1 falchion (weapon)
Armour
 b - a +0 leather armour (worn)
Jewellery
 g - an uncursed amulet of harm
Scrolls
 d - a scroll of recharging {unknown}
 h - a scroll of fog {unknown}
 i - 2 scrolls of identify {unknown}
Comestibles
 c - a bread ration
 f - a beef jerky
 k - 2 chunks of flesh


   Skills:
 - Level 3.6(2.2) Fighting
 + Level 3.5(2.1) Long Blades
 - Level 2.1(0.8) Armour
 - Level 0.7(0.0) Dodging
 + Level 4.3(2.9) Invocations


You had 3 spell levels left.
You didn't know any spells.

Dungeon Overview and Level Annotations

Branches:
Dungeon (2/15)

Altars:


Message History

You feel sick. The adder barely misses you.
You riposte.
You hit the adder but do no damage.
The adder is heavily wounded.
The adder closely misses you.
You hit the adder.
You kill the adder!
Lugonu accepts your kill.
You have reached level 4!
* * * LOW HITPOINT WARNING * * *
You feel sick.
You hit the ooze.
The ooze is lightly wounded.
You are feeling hungry.
The ooze completely misses you. The ooze hits you.
* * * LOW HITPOINT WARNING * * *
You completely miss the ooze.
The ooze is lightly wounded.
* * * LOW HITPOINT WARNING * * *
You feel sick. The ooze hits you.
You die...

....)... #######
......... .......
.......... .......
##......... .......
#.......... .<...
#.......... ...
#.......... #J##
#.......... #.@###
#.......... ##...#
#........# ###.#
##......##
..####.#########.###
..............)...#
...####..##########
## ##..# ###. ##.#
#... #.# #..##


You could see an ooze.

Vanquished Creatures
  2 adders (D:2)
  A gnoll (D:1)
  An ooze (D:1)
  3 dart slugs
  A leopard gecko (D:2)
  2 giant cockroaches
  3 goblins
  3 hobgoblins (D:1)
  2 jackals (D:1)
  3 bats
  2 kobolds
  A rat (D:2)
24 creatures vanquished.

Notes
Turn   | Place    | Note
-------+----------+-------------------------------------------
     0 | Abyss:1  | dorian the Hill Orc Abyssal Knight began the quest for the Orb.
     0 | Abyss:1  | Reached XP level 1. HP: 19/19 MP: 2/2
    35 | Abyss:1  | Noticed a tentacled starspawn
    36 | Abyss:1  | Noticed a large abomination
    36 | D:1      | Escaped the Abyss
    38 | D:1      | Noticed an electric eel
   154 | D:1      | Reached XP level 2. HP: 11/26 MP: 4/4
   176 | D:1      | Reached skill level 3 in Invocations
   352 | D:1      | Reached * piety under Lugonu
   381 | D:1      | Reached XP level 3. HP: 25/31 MP: 5/5
   665 | D:2      | HP: 1/31 [adder (2)]
   671 | D:2      | Reached skill level 4 in Invocations
   982 | D:2      | Reached XP level 4. HP: 5/39 MP: 7/7
   984 | D:2      | Slain by an ooze

Vault maps used:
D:1:      arrival_aquarium_a, grunt_decor_cap
D:2:      minmay_tiny_reverse_x

Skill      XL: |  1  2  3 |
---------------+----------+-----
Invocations    | 3 4 |  4.3
Long Blades    | 3 |  3.5
Fighting       | |  3.6
Armour         | |  2.1
Dodging        | |  0.7

Action                   |  1- 3 |  4- 6 || total
-------------------------+-------+-------++-------
Melee: Falchion          |   109 |     2 ||   111
Invok: Depart the Abyss  |     1 |       ||     1
  Use: Potion            |     2 |       ||     2
Armor: Leather armour    |    24 |       ||    24
Dodge: Dodged            |    88 |     1 ||    89
       Rpst.: Falchion   |    17 |       ||    17
